 Dungeon Crawl Stone Soup version 0.32-a0-868-g153ae1a8d6 (webtiles) character file.

Game seed: 15918037004643150534

2296 jasper the Fighter (level 9, -2/151 HPs)
             Began as an Oni Fighter on Mar 29, 2024.
             Was a High Priest of Uskayaw.
             Slain by an iguana (8 damage)
             ... on level 7 of the Dungeon.
             The game lasted 00:11:33 (7453 turns).

jasper the Fighter (Oni Fighter)                    Turns: 7453, Time: 00:11:34

Health: -2/151     AC: 24    Str: 32    XL:     9   Next: 40%
Magic:  9/9        EV:  1    Int:  9    God:    Uskayaw [*****.]
Gold:   297        SH:  7    Dex:  8    Spells: 8/8 levels left

rFire   . .          .
                       - Unarmed
rCold   + . .        b - +0 kite shield
rNeg    . . .        a - melded +0 robe
rPois   +            (helmet currently unavailable)
rElec   .            m - melded +0 cloak
rCorr   .            (gloves unavailable)
SInv    .            (boots unavailable)
Will    .....        (no amulet)
Stlth   +            q - +6 ring of strength
HPRegen 0.45/turn    g - ring of protection from cold
MPRegen 0.11/turn

%: no passive effects
@: tree-form, invisible
A: stationary, stasis, torment immunity, boosted hp, large, unfitting armour,
(horns 1), (tough skin 1), double potion healing, drunken brawling
a: Renounce Religion, Stomp, Line Pass, Grand Finale


You were on level 7 of the Dungeon.
You worshipped Uskayaw.
Uskayaw was noncommittal.
You were a tree.
You visited 2 branches of the dungeon, and saw 8 of its levels.

You collected 297 gold pieces.

Inventory:

Missiles
 d - 40 stones (quivered)
 f - 5 boomerangs
 k - 2 javelins
 w - 6 poisoned darts
 y - a curare-tipped dart
Armour
 a - a +0 robe (melded)
 b - a +0 kite shield (worn)
 m - a +0 cloak (melded)
Jewellery
 g - a ring of protection from cold (right branch)
 j - a ring of flight
 q - a +6 ring of strength (left branch)
Talismans
 s - a dragon-blood talisman
Wands
 v - a wand of polymorph (8)
 x - a wand of mindburst (6)
Scrolls
 n - a scroll of brand weapon
 p - 2 scrolls of fog
 A - a scroll of noise
 C - 2 scrolls of teleportation
Potions
 c - 4 potions of might
 e - 2 potions of invisibility
 i - 2 potions of attraction
 l - 3 potions of brilliance
 o - 2 potions of mutation
 z - a potion of enlightenment


   Skills:
 - Level 10.0 Fighting
 - Level 2.6 Dodging
 - Level 3.7 Shields
 + Level 9.1 Unarmed Combat


You had 8 spell levels left.
You didn't know any spells.
Your spell library contained the following spells:

 Spells                   Type           Power      Damage    Failure   Level
 Sting                    Conj/Alch      0%         1d3       58%         1
 Cigotuvi's Dreadful Rot  Necr/Alch/Air  0%         N/A       73%         2
 Mercury Vapours          Alch/Air       0%         N/A       73%         2
 Dispel Undead            Necr           0%         3d6       100%        4
 Martyr's Knell           Necr/Summ      0%         N/A       100%        4
 Olgreb's Toxic Radiance  Alch           0%         N/A       100%        4


Dungeon Overview and Level Annotations

Branches:
Dungeon (7/15)             Temple (1/1) D:5

Altars:
Ashenzari
Dithmenos
Elyvilon
Gozag
Kikubaaqudgha
Makhleb
Nemelex Xobeh
Okawaru
Qazlal
Ru
Sif Muna
Uskayaw
Vehumet
Wu Jian
Xom
Yredelemnul


Innate Abilities, Weirdness & Mutations

You are a tree.
Your roots penetrate the ground, keeping you stationary.
You cannot be teleported.
You are immune to unholy pain and torment.
Your maximum health is greatly increased.
Your equipment is partially melded.
You are too large for most types of armour.
((You have a pair of small horns on your head.))
((You have tough skin. (AC +1)))
You gain doubled healing and magic from potions.
Whenever you drink a healing potion, you attack all around you.


Message History

* * * LOW HITPOINT WARNING * * *
The jelly hits you but does no damage.
You take 6 damage, and have 3/151 hp.
You pummel the jelly!!
You kill the jelly!
You block the kobold brigand's attack.
Uskayaw will force your foes to share their pain.
Uskayaw links your audience in an emotional bond!
Your Unarmed Combat skill increases to level 9!
You barely miss the kobold.
The kobold brigand hits you but does no damage.
The kobold hits you but does no damage.
You smack the kobold!
You kill the kobold!
The kobold brigand is no longer sharing its pain.
The kobold brigand hits you but does no damage. x2
The iguana completely misses you.
You closely miss the kobold brigand.
The kobold brigand is no longer sharing its pain.
The iguana is no longer sharing its pain.
The kobold brigand hits you but does no damage.
You block the kobold brigand's attack.
The iguana bites you but does no damage.
You hit the kobold brigand.
The kobold brigand is severely wounded.
You block the kobold brigand's attack.
The iguana bites you but does no damage.
The kobold brigand hits you but does no damage.
You catch the helpless kobold brigand completely off-guard!
You smack the kobold brigand!
You kill the kobold brigand!
The kobold brigand hits you but does no damage.
You block the iguana's attack.
You can now merge with and destroy a victim.
You hit the kobold brigand.
The kobold brigand is lightly wounded.
The kobold brigand hits you but does no damage.
The iguana bites you!
You die...
Your body falls in perfect tune with the rhythm.

.......................
........................
.........................
..................<......
.........................
.........................
.........................
.......$l................
......))♣................
......)K)................
........)..>.............
.........................
.........................
............$...........#
................. .....
.....<.......... .[.
.^.............


You could see a kobold brigand (unable to see you) and an iguana (unable to see
you).

Vanquished Creatures
  A steam dragon (D:7)
  Menkaure (D:5)
  Edmund (D:6)
  An orc warrior (D:7)
  A black bear (D:6)
  An ice beast (D:4)
  An ogre (D:5)
  A centaur (D:4)
  A phantom (D:5)
  2 kobold brigands
  A bullfrog (D:6)
  3 scorpions
  A gnoll sergeant (D:6)
  4 hounds
  2 jellies
  5 orc priests
  4 bombardier beetles
  2 sleepcaps
  2 iguanas (D:5)
  7 orc wizards
  6 adders
  3 gnolls (D:6)
  A white imp (D:6)
  2 ufetubi (D:6)
  3 ribbon worms (D:2)
  5 dart slugs
  20 orcs
  7 bats
  9 endoplasms
  4 giant cockroaches
  12 goblins
  7 hobgoblins
  23 kobolds
  3 quokkas
  9 ball pythons
  8 frilled lizards
  6 rats
170 creatures vanquished.

Vanquished Creatures (others)
  An orc (D:7)
1 creature vanquished.

Grand Total: 171 creatures vanquished

Notes
Turn   | Place    | Note
-------+----------+-------------------------------------------
     0 | D:1      | jasper the Oni Fighter began the quest for the Orb.
     0 | D:1      | Reached XP level 1. HP: 24/24 MP: 1/1
   231 | D:1      | Reached XP level 2. HP: 32/32 MP: 2/2
   324 | D:1      | Found a faded altar of an unknown god.
   397 | D:1      | Prayed at the altar of an unknown god.
   397 | D:1      | Became a worshipper of Vehumet
   397 | D:1      | Reached * piety under Vehumet
   397 | D:1      | Offered knowledge of Shock by Vehumet.
   398 | D:1      | Fell from the grace of Vehumet
   552 | D:1      | Reached XP level 3. HP: 37/40 MP: 3/3
  2022 | D:2      | Reached XP level 4. HP: 49/49 MP: 4/4
  2167 | D:2      | Found a stormy altar of Qazlal.
  2911 | D:3      | Reached XP level 5. HP: 55/55 MP: 5/5
  2973 | D:4      | Reached skill level 5 in Fighting
  3057 | D:4      | Reached XP level 6. HP: 51/66 MP: 6/6
  3374 | D:4      | Found the +7 Throatcutter {drain, coup de grace}
  3423 | D:4      | Reached skill level 6 in Fighting
  3740 | D:4      | Noticed an ice beast
  3758 | D:4      | Killed an ice beast
  3759 | D:4      | Reached skill level 5 in Unarmed Combat
  3759 | D:4      | Reached XP level 7. HP: 62/76 MP: 7/7
  3860 | D:4      | Reached skill level 7 in Fighting
  4755 | D:5      | Entered Level 5 of the Dungeon
  5044 | D:5      | Reached skill level 8 in Fighting
  5044 | D:5      | Reached XP level 8. HP: 78/88 MP: 8/8
  5348 | D:5      | Noticed Menkaure
  5369 | D:5      | Killed Menkaure
  5370 | D:5      | Reached skill level 9 in Fighting
  5812 | D:5      | Found a staircase to the Ecumenical Temple.
  5895 | Temple   | Entered the Ecumenical Temple
  5912 | Temple   | Became a worshipper of Uskayaw the Reveller
  5963 | D:6      | Reached * piety under Uskayaw
  5968 | D:6      | Reached ** piety under Uskayaw
  5972 | D:6      | Reached *** piety under Uskayaw
  6400 | D:6      | Noticed Edmund
  6411 | D:6      | Killed Edmund
  6412 | D:6      | Reached skill level 10 in Fighting
  6591 | D:6      | Reached XP level 9. HP: 91/101 MP: 9/9
  7143 | D:7      | Reached **** piety under Uskayaw
  7158 | D:7      | Reached ***** piety under Uskayaw
  7382 | D:7      | Found an opulent altar of Gozag.
  7446 | D:7      | HP: 7/151 [acid (2)]
  7446 | D:7      | HP: 3/151 [kobold brigand/+0 club (5)]
  7453 | D:7      | Slain by an iguana

Illustrated notes

Levels and vault maps discovered:
D:1:      eino_arrival_druids_welcome, layout_rooms,
          shapermc_ecumenical_altar_totnotflames
D:2:      layout_loops_ring, basic_altar, minmay_joined_circles
D:3:      minmay_roachtagon, layout_basic, overflow_temple_1_default,
          grunt_decor_cap, st_stairs_12, minmay_misc_feat_alley
D:4:      layout_rooms, serial_co_window_serial, co_window_of_opportunity_a,
          co_window_corner_a, co_window_corner_a, co_window_corner_a,
          co_window_cross_1, co_window_corner_ca, co_window_corner_cb,
          co_window_corner_b, co_window_paths_e, co_window_sun, glass_columns_b,
          glass_columns_b, glass_columns_a, glass_columns_c, glass_columns_a,
          dilly_guarded_unrand_throatcut
D:5:      minmay_spotlight, layout_rooms, minmay_temple_entry_hall,
          serial_glass, glass_columns_a, glass_columns_b, item_on_display_a,
          minmay_strange_pillars, minmay_strange_pillars, feat_on_display,
          chequers_serial_rivers_micro_d, uniq_menkaure
D:6:      layout_cave_pools, nicolae_underground_beach, uniq_edmund
D:7:      layout_layer_cave, mainiacjoe_overflow_cross_hatched, slow_altar_2,
          nicolae_hepliaklqana_hippocampus, nicolae_overflow_hidden_temple,
          enter_ossuary_4, gammafunk_ghost_stat_death, uniq_crazy_yiuf_cottage,
          uniq_joseph
Temple:   eino_temple_water

Skill      XL: |  1  2  3  4  5  6  7  8  9 |
---------------+----------------------------+-----
Unarmed Combat | 2 3 4 5 7 9 |  9.1
Shields        | 3 |  3.7
Fighting       | 5 6 8 10 | 10.0
Dodging        | |  2.6

Action                     |  1- 3 |  4- 6 |  7- 9 || total
---------------------------+-------+-------+-------++-------
  Melee: Unarmed           |   163 |   182 |   237 ||   582
         Headbutt          |    24 |    20 |    34 ||    78
  Throw: Stone             |    11 |     9 |    12 ||    32
         Dart              |       |     2 |       ||     2
         Boomerang         |       |     1 |       ||     1
 Invoke: Renounce Religion |     1 |       |       ||     1
         Line Pass         |       |       |     2 ||     2
  Evoke: Wand              |       |     7 |       ||     7
    Use: Scroll            |     1 |       |    15 ||    16
         Potion            |       |       |     9 ||     9
   Stab: Sleeping          |       |     1 |       ||     1
         Paralysed         |       |       |     9 ||     9
         Invisible         |       |       |     1 ||     1
 Armour: Robe              |    77 |    81 |   227 ||   385
         Skin              |       |     6 |    13 ||    19
  Dodge: Dodged            |    46 |    45 |    84 ||   175
  Block: Kite shield       |    57 |    53 |   105 ||   215

Table legend: (Time is in decaauts)
 A = Elapsed time spent in this place.
 B = Non-inter-level travel time spent in this place.
 C = Inter-level travel time spent in this place.
 D = Time resting spent in this place.
 E = Time spent auto-exploring this place.
 F = Levels seen in this place.
 G = Mean time per level.
                   A        B        C        D        E       F      G
               +--------+--------+--------+--------+--------+-----+--------+
         Total |   7488 |   7153 |    335 |   1633 |   3959 |   8 |  936.0 |
       Dungeon |   7453 |   7150 |    303 |   1633 |   3959 |   7 | 1064.7 |
        Temple |     34 |      2 |     32 |      0 |      0 |   1 |   34.0 |
               +--------+--------+--------+--------+--------+-----+--------+

Top non-repeatable levels by time:
     D:4: 1862 daAuts
     D:2: 1577 daAuts
     D:6: 1156 daAuts
     D:5: 1105 daAuts
     D:1: 1056 daAuts
     D:7: 350 daAuts
     D:3: 344 daAuts
  Temple: 34 daAuts
